 Dungeon Crawl Stone Soup version 0.21.1-1-g345015f (webtiles) character file.

113 Kandryn the Covered (level 4, -3/41 HPs)
             Began as a Minotaur Fighter on June 20, 2018.
             Killed by divine providence
             ... invoked by an orc priest
              (12 damage)
             ... on level 3 of the Dungeon.
             The game lasted 00:10:50 (1159 turns).

Kandryn the Covered (Minotaur Fighter)              Turns: 1159, Time: 00:10:51

Health: -3/41      AC:  9    Str: 22    XL:     4   Next: 65%
Magic:  3/3        EV:  7    Int:  5    God:
Gold:   125        SH:  9    Dex:  9    Spells: 3/3 levels left

rFire    + . .     SeeInvis .   a - +0 war axe
rCold    . . .     Gourm    .   c - +0 shield
rNeg     . . .     Faith    .   b - +0 scale mail
rPois    .         Spirit   .   h - +2 hat
rElec    .         Reflect  .   (no cloak)
rCorr    .         Harm     .   (no gloves)
MR       .....                  (no boots)
Stlth    ..........             (no amulet)
HPRegen  0.13/turn              j - ring of protection from fire
MPRegen  0.08/turn              (no ring)

@: no status effects
A: retaliatory headbutt, horns 2
a: no special abilities


You were on level 3 of the Dungeon.
You were not hungry.

You visited 1 branch of the dungeon, and saw 3 of its levels.

You collected 125 gold pieces.

Inventory:

Hand Weapons
 a - a +0 war axe (weapon)
Armour
 b - a +0 scale mail (worn)
 c - a +0 shield (worn)
 e - a +0 robe
 g - a +0 leather armour
 h - a +2 hat (worn)
 k - a +0 scale mail
Jewellery
 j - a ring of protection from fire (left hand)
Scrolls
 m - a scroll of amnesia
Potions
 d - a potion of might
 l - a potion of agility
Comestibles
 f - 5 rations


   Skills:
 + Level 4.5 Fighting
 + Level 3.5 Axes
 + Level 4.5 Armour
 + Level 4.5 Shields


You had 3 spell levels left.
You didn't know any spells.

Dungeon Overview and Level Annotations

Branches:
Dungeon (3/15)

Altars:


Innate Abilities, Weirdness & Mutations

You reflexively headbutt those who attack you in melee.
You have a pair of horns on your head.


Message History

An orc comes into view. It is wielding an enchanted mace.
The orc shouts!
You slash the orc!
You kill the orc!
You block the orc's attack.
You hit the orc but do no damage. Your headbutt misses the orc.
The orc hits you but does no damage. The orc completely misses you.
The orc hits you but does no damage.
You hit the orc priest but do no damage.
Your headbutt misses the orc priest. You hit the orc.
You block the orc's attack. The orc priest hits you with a mace.
* * * LOW HITPOINT WARNING * * *
The orc hits you but does no damage.
The orc hits you from afar with a trident.
* * * LOW HITPOINT WARNING * * *
The orc priest hits you but does no damage.
There is a stone staircase leading down here.
The orc priest calls down the wrath of Beogh upon you.
Beogh smites you!
You die...

.. ... #.# ..... #.# #'#'# #.#
#.#.# #.# ..o# #.# ########$.#
######.# #.......oo# #....#.#
#.......oo#### #.#.##(#
#........@...# #.#.##.#
#............# #.#....#
#............# #.#<....
#............# #.######
###########'#....######.#
........................#
###########.#..###############
#......<.......# ......
####..#.#.#.##.# ######


You could see an orc priest and 4 orcs.

Vanquished Creatures
  An orc wizard (D:3)
  The ghost of aaksess the Grave Robber, a weakling DsNe (D:3)
  An adder (D:2)
  An ooze (D:2)
  2 dart slugs (D:1)
  A leopard gecko (D:2)
  2 orcs (D:3)
  4 giant cockroaches
  2 goblins
  8 hobgoblins
  5 jackals (D:1)
  A ball python (D:1)
  6 bats
  5 frilled lizards
  3 kobolds
  7 rats
50 creatures vanquished.

Notes
Turn   | Place    | Note
-------+----------+-------------------------------------------
     0 | D:1      | Kandryn the Minotaur Fighter began the quest for the Orb.
     0 | D:1      | Reached XP level 1. HP: 19/19 MP: 0/0
    85 | D:1      | Reached XP level 2. HP: 27/27 MP: 1/1
   543 | D:1      | Reached XP level 3. HP: 33/33 MP: 2/2
  1029 | D:2      | You fall through a shaft!
  1140 | D:3      | Noticed aaksess's ghost (weakling DsNe)
  1147 | D:3      | Killed aaksess's ghost
  1147 | D:3      | Reached XP level 4. HP: 22/41 MP: 3/3
  1159 | D:3      | Killed from afar by an orc priest

Skill      XL: |  1  2 |
---------------+-------+-----
Fighting       | 4 |  4.5
Shields        | 4 |  4.5
Armour         | 4 |  4.5
Axes           | 3 |  3.5

Action                   |  1- 3 |  4- 6 || total
-------------------------+-------+-------++-------
Melee: War axe           |   111 |     9 ||   120
       Headbutt          |    10 |       ||    10
  Use: Scroll            |     5 |       ||     5
       Potion            |     3 |       ||     3
  Eat: Chunk             |     1 |       ||     1
Armor: Scale mail        |    43 |     7 ||    50
Dodge: Dodged            |    48 |     1 ||    49
Block: Shield            |    45 |     4 ||    49
